AoeStats
← tchookuan77

Arena

508207143Analyzed
4v4 RM · 10d ago on Sep 21, 2026· 67m 54s· 8 players
Game mode
Random Map
Map size
Large (8 player)
Population
200
Speed
Normal
Resources
Standard
Victory
Conquest
Starting age
Dark Age
Ending age
Imperial Age
RankedLock teamsTeams togetherTeam positionsShared explorationLock speedFull tech treeHidden civsTurbo modeCheats
Victory
Defeat
🇹🇼 Huns · Taiwan
1087
+12
🇹🇼 Britons · Taiwan
1079
+13
🇹🇼 Hindustanis · Taiwan
1078
+13
🇦🇺 Bohemians · Australia
1058
+13
🇨🇦 Aztecs · Canada
1015
-13
🇫🇷 Persians · France
1013
-13
🇨🇳 Khmer · China
1011
-13
🇵🇱 Teutons · Poland
988
-12
DerSchweizer
10:59 Feudal Age
15:06 Castle Age
12:57 Horse Collar
13:52 Double-Bit Axe
17:03 Bow Saw
18:30 Fervor
21:36 Heavy Plow
22:44 Gold Mining
23:57 Wheelbarrow
24:01 Scale Mail Armor
24:12 Gambesons
24:41 Man-at-Arms
25:44 Fletching
26:25 Chain Mail Armor
25:33 Long Swordsman
26:06 Eagle Warrior
26:34 Arson
28:08 Hand Cart
29:06 Squires
29:20 Forging
32:29 Imperial Age
30:42 Iron Casting
30:08 Bodkin Arrow
32:19 Padded Archer Armor
33:42 Plate Mail Armor
34:13 Blast Furnace
33:14 Bracer
32:36 Two-Handed Swordsman
33:03 Pikeman
33:19 Capped Ram
34:31 Conscription
34:44 Garland Wars
37:45 Champion
38:09 Elite Eagle Warrior
Player455139229
7:41 Loom
10:08 Feudal Age
10:31 Double-Bit Axe
11:17 Town Watch
17:22 Castle Age
15:54 Horse Collar
23:42 Wheelbarrow
23:47 Bow Saw
23:39 Gold Mining
26:28 Gold Shaft Mining
26:13 Stone Mining
27:36 Hand Cart
27:52 Heavy Plow
29:16 Town Patrol
29:23 Scale Barding Armor
29:54 Stone Shaft Mining
32:01 Imperial Age
30:10 Ballistics
30:27 Chain Barding Armor
30:28 Devotion
31:25 Forging
31:17 Squires
31:02 Arson
31:36 Caravan
32:47 Iron Casting
31:34 Pikeman
32:55 Conscription
32:42 Halberdier
34:28 Blast Furnace
33:33 Husbandry
33:44 Bloodlines
35:05 Chemistry
34:52 Hoardings
34:23 Scale Mail Armor
35:44 Two-Man Saw
36:20 Chain Mail Armor
36:09 Cavalier
37:21 Savar
38:34 Plate Mail Armor
38:55 Masonry
39:00 Citadels
39:32 Crop Rotation
40:28 Plate Barding Armor
43:20 Architecture
43:09 Elite War Elephant
47:58 Fletching
50:44 Bodkin Arrow
52:21 Murder Holes
55:58 Guilds
56:57 Padded Archer Armor
65:06 Faith
64:45 Guard Tower
Helenka
10:40 Feudal Age
15:36 Castle Age
13:55 Double-Bit Axe
16:11 Wheelbarrow
15:22 Loom
30:06 Imperial Age
27:34 Horse Collar
28:08 Bow Saw
27:52 Gold Mining
28:01 Stone Mining
29:19 Hand Cart
29:07 Heavy Plow
29:58 Forging
29:54 Scale Barding Armor
29:50 Scale Mail Armor
31:00 Bloodlines
31:35 Iron Casting
31:20 Chain Barding Armor
31:13 Fortified Wall
31:19 Masonry
31:56 Crop Rotation
31:09 Pikeman
31:34 Gambesons
31:50 Squires
31:35 Arson
32:30 Chain Mail Armor
32:31 Halberdier
34:24 Blast Furnace
34:02 Plate Mail Armor
38:41 Conscription
40:13 Plate Barding Armor
40:37 Cavalier
42:32 Two-Man Saw
41:40 Paladin
45:49 Ironclad
59:09 Caravan
aoc2020
11:00 Feudal Age
14:14 Castle Age
12:32 Double-Bit Axe
12:41 Horse Collar
15:21 Bow Saw
15:14 Heavy Plow
20:24 Stone Mining
25:02 Wheelbarrow
27:44 Imperial Age
28:29 Gold Mining
30:21 Chemistry
29:43 Ballistics
29:34 Double Crossbow
29:55 Conscription
30:30 Crop Rotation
33:26 Gold Shaft Mining
34:53 Fortified Wall
35:30 Scale Barding Armor
41:11 Heavy Scorpion
43:18 Siege Engineers
45:46 Forging
45:57 Chain Barding Armor
45:00 Light Cavalry
45:50 Bloodlines
49:53 Plate Barding Armor
48:44 Pikeman
49:41 Husbandry
50:19 Iron Casting
50:38 Scale Mail Armor
51:27 Halberdier
52:35 Chain Mail Armor
56:09 Blast Furnace
54:34 Hussar
56:50 Arson
tchookuan77
10:20 Feudal Age
15:19 Castle Age
13:35 Double-Bit Axe
13:58 Horse Collar
15:11 Loom
15:28 Stone Mining
22:04 Heavy Plow
23:24 Fervor
23:35 Bow Saw
24:18 Fervor
25:35 Gold Mining
26:55 Wheelbarrow
26:07 Town Watch
28:12 Hand Cart
32:05 Imperial Age
29:45 Fletching
30:25 Fortified Wall
30:13 Murder Holes
30:39 Ballistics
30:33 Fortified Wall
30:19 Murder Holes
30:04 Pikeman
30:47 Squires
30:19 Crossbowman
31:33 Bodkin Arrow
31:39 Padded Archer Armor
32:56 Bracer
33:11 Leather Archer Armor
33:20 Conscription
33:52 Gold Shaft Mining
34:54 Two-Man Saw
35:17 Yeomen
35:27 Elite Longbowman
37:09 Hoardings
42:49 Chemistry
41:30 Treadmill Crane
42:03 Masonry
42:56 Ring Archer Armor
42:37 Forging
42:27 Scale Mail Armor
44:29 Warwolf
50:49 Caravan
51:19 Coinage
51:01 Guilds
51:29 Iron Casting
51:09 Chain Mail Armor
54:57 Halberdier
55:22 Gambesons
55:24 Arson
58:02 Architecture
57:39 Siege Engineers
58:07 Architecture
57:32 Guard Tower
57:28 Arrowslits
William
11:03 Feudal Age
14:50 Castle Age
12:46 Horse Collar
14:33 Double-Bit Axe
18:02 Loom
18:34 Bow Saw
19:07 Heavy Plow
24:12 Fervor
28:21 Imperial Age
26:24 Scale Barding Armor
26:29 Forging
28:48 Wheelbarrow
28:45 Forging
28:56 Chain Barding Armor
29:01 Husbandry
29:12 Bloodlines
28:57 Cavalier
30:50 Iron Casting
32:05 Paladin
33:44 Conscription
34:50 Blast Furnace
34:35 Plate Barding Armor
34:32 Marauders
34:57 Hand Cart
34:40 Gold Mining
35:48 Elite Tarkan
38:51 Light Cavalry
39:48 Hussar
42:43 Two-Man Saw
46:38 Town Watch
46:57 Caravan
49:16 Murder Holes
49:43 Ballistics
50:24 Chemistry
49:24 Capped Ram
50:38 Scale Mail Armor
51:05 Man-at-Arms
52:05 Squires
51:39 Pikeman
51:41 Long Swordsman
52:41 Two-Handed Swordsman
56:12 Chain Mail Armor
56:01 Halberdier
58:57 Arson
noel50711
11:02 Feudal Age
14:54 Castle Age
12:43 Double-Bit Axe
13:07 Horse Collar
15:18 Wheelbarrow
15:46 Heavy Plow
16:01 Bow Saw
18:18 Loom
24:43 Loom
25:14 Hand Cart
28:19 Imperial Age
26:03 Gold Mining
26:37 Forging
26:58 Fortified Wall
27:06 Scale Barding Armor
28:13 Iron Casting
27:54 Bloodlines
27:45 Husbandry
28:16 Fletching
28:49 Chain Barding Armor
29:00 Grand Trunk Road
28:28 Light Cavalry
28:31 Heavy Camel Rider
30:16 Blast Furnace
30:22 Two-Man Saw
30:05 Imperial Camel Rider
32:16 Chemistry
31:28 Masonry
33:48 Gold Shaft Mining
33:13 Stone Mining
33:46 Conscription
34:25 Shatagni
33:57 Elite Skirmisher
34:37 Bodkin Arrow
35:19 Plate Barding Armor
45:44 Padded Archer Armor
45:47 Bracer
46:38 Stone Shaft Mining
48:28 Caravan
53:01 Leather Archer Armor
56:14 Ring Archer Armor
59:42 Hoardings
68:21 Thumb Ring
Johnston
11:07 Feudal Age
15:02 Castle Age
13:10 Double-Bit Axe
13:10 Horse Collar
15:57 Loom
19:01 Bow Saw
22:26 Fervor
22:52 Masonry
23:34 Town Watch
24:25 Wheelbarrow
28:03 Imperial Age
25:48 Treadmill Crane
27:28 Chemistry
28:30 Padded Archer Armor
29:40 Conscription
30:30 Architecture
31:20 Block Printing
35:24 Hand Cart
37:48 Two-Man Saw
40:59 Sanctity
40:56 Pikeman
41:36 Squires
41:21 Arson
41:39 Scale Mail Armor
41:50 Forging
41:56 Leather Archer Armor
43:02 Houfnice
48:49 Siege Engineers
50:17 Caravan
52:55 Halberdier
54:03 Chain Mail Armor
58:04 Plate Mail Armor
64:43 Capped Ram
Connection lost

Rejoining the realm…

Still unreachable

The connection could not be restored.

Session expired

The server has moved on; the page needs a fresh start.